 Dungeon Crawl Stone Soup version 0.29.0-4-gdea44cf6ec (webtiles) character file.

Game seed: 8707478694531294757

64 qw the Chopper (level 4, -5/26 HPs)
             Began as a Tengu Warper on Aug 28, 2022.
             Slain by a gnoll
             ... wielding a +3 halberd
              (7 damage)
             ... on level 2 of the Dungeon.
             The game lasted 00:00:06 (1453 turns).

qw the Chopper (Tengu Warper)                       Turns: 1453, Time: 00:00:07

Health: -5/26      AC:  8    Str: 13    XL:     4   Next: 12%
Magic:  8/8        EV:  6    Int: 14    God:
Gold:   54         SH:  0    Dex: 13    Spells: 7/7 levels left

rFire   . . .      SeeInvis .   Y - +0 hand axe
rCold   . . .      Faith    .   (no shield)
rNeg    . . .      Spirit   .   l - +0 chain mail
rPois   .          Reflect  .   (helmet restricted)
rElec   .          Harm     .   (no cloak)
rCorr   .          Rampage  .   (no gloves)
Will    .....                   (boots unavailable)
Stlth   ..........              (no amulet)
HPRegen 0.08/turn               (no ring)
MPRegen 0.11/turn               (no ring)

@: no status effects
A: beak, talons 3
a: no special abilities


You were on level 2 of the Dungeon.
You visited 1 branch of the dungeon, and saw 2 of its levels.

You collected 54 gold pieces.


Innate Abilities, Weirdness & Mutations

You have a beak for a mouth.
You have claws for feet.


   Skills:
 - Level 2.0 Fighting
 + Level 4.7 Axes
 - Level 1.0 Throwing
 - Level 1.1 Armour
 - Level 2.1 Dodging
 - Level 2.0 Spellcasting
 - Level 2.4 Translocations


You had 7 spell levels left.
You didn't know any spells.
Your spell library contained the following spells:

 Spells                   Type           Power      Damage    Failure   Level
 Blink                    Tloc           16%        N/A       99%         2
 Gell's Gravitas          Tloc           8%         N/A       100%        3
 Lesser Beckoning         Tloc           8%         N/A       100%        3
 Teleport Other           Tloc           8%         N/A       100%        3
 Manifold Assault         Tloc           8%         N/A       100%        5

Inventory:

Hand Weapons
 b - a +0 whip
 Y - a +0 hand axe (weapon)
Armour
 l - a +0 chain mail (worn)
Scrolls
 a - 2 scrolls of identify
Potions
 d - a potion of might {unknown}
 f - a potion of heal wounds {unknown}
 i - a potion of brilliance {unknown}
 j - a potion of berserk rage {unknown}

Dungeon Overview and Level Annotations

Branches:
Dungeon (2/15)

Altars:

Shops:
D:1 :


Message History

There is a stone staircase leading up here.
You now have 54 gold pieces (gained 6). 2 gnolls come into view.
A gnoll is wielding a +1 flail of draining.
The gnoll shouts! x2
The gnoll moves out of view.
A bat comes into view.
A gnoll comes into view. It is wielding a +0 club.
1446 ||| Stepping ~*~*~tactically~*~*~ (stealth).
Enter note:
Enter note: The gnoll shouts!
You hit the gnoll. You claw the gnoll!
The gnoll is almost dead.
The gnoll hits you with a +1 flail of draining.
You feel drained.
A gnoll comes into view. It is wielding a +3 halberd.
You hit the gnoll.
You kill the gnoll!
The bat hits you but does no damage. The bat barely misses you.
Your life force feels restored.
You have reached level 4!
You feel clever.
You closely miss the bat. The bat hits you.
The bat hits you but does no damage.
The gnoll hits you from afar with a +0 spear.
You hit the bat but do no damage. You peck the bat.
You kill the bat!
The gnoll hits you but does no damage. The gnoll hits you with a +0 spear.
The gnoll hits you from afar with a +3 halberd!
Things that are here:
a +1 flail of draining; a bat corpse You closely miss the gnoll.
You claw the gnoll, but do no damage. Your peck misses the gnoll.
The gnoll hits you but does no damage.
The gnoll hits you from afar with a +3 halberd.
You barely miss the gnoll. The gnoll hits you with a +0 spear.
The gnoll hits you from afar with a +3 halberd!
You die...

....##....# #.#.########
....##..:.# #.#.#....#
....####### #.#.#.##.#
+#### .. #.#.#.##.# ...
#.#...##.# ....
#.######.# .....
#........#
.....g#######.########
.....gg@.........#
......#####..###.# .....
#.## #.####### .... ##.#
#.#...... ... ###..#
#.#.##### .. ##...##
#.#.#####
#######..#######.#......
##...............#######
#...############## #


You could see 3 gnolls.

Vanquished Creatures
  A gnoll (D:2)
  2 adders (D:2)
  A dart slug (D:1)
  4 bats
  4 endoplasms (D:1)
  A giant cockroach (D:1)
  7 goblins
  2 hobgoblins
  2 kobolds
  2 quokkas
  3 ball pythons (D:1)
  A frilled lizard (D:1)
  3 rats
33 creatures vanquished.

Notes
Turn   | Place    | Note
-------+----------+-------------------------------------------
     0 | D:1      | qw the Tengu Warper began the quest for the Orb.
     0 | D:1      | Reached XP level 1. HP: 12/12 MP: 4/4
     0 | D:1      | 0 ||| qw: Version: 0.1-a-89-g26bdef1
     0 | D:1      | 0 ||| qw: Game counter: 2811
     0 | D:1      | 0 ||| qw: Always use a shield: true
     0 | D:1      | 0 ||| qw: God list: Okawaru
     0 | D:1      | 0 ||| qw: Allow faded altars: false
     0 | D:1      | 0 ||| qw: Do Orc after D:15 true
     0 | D:1      | 0 ||| qw: Do second Lair branch before Depths: true
     0 | D:1      | 0 ||| qw: Lair rune preference: random
     0 | D:1      | 0 ||| qw: Plans: Normal
     0 | D:1      | 0 ||| PLANNING D:1-11
    17 | D:1      | 17 ||| Stepping ~*~*~tactically~*~*~ (stealth).
    94 | D:1      | Found Atsoc's Vocational Training.
   175 | D:1      | Reached XP level 2. HP: 17/17 MP: 6/6
   184 | D:1      | Reached skill level 3 in Axes
   274 | D:1      | Found a faded altar of an unknown god.
   602 | D:1      | 602 ||| Stepping ~*~*~tactically~*~*~ (hiding).
   777 | D:1      | 777 ||| Stepping ~*~*~tactically~*~*~ (stealth).
   857 | D:1      | Reached XP level 3. HP: 14/21 MP: 7/7
   965 | D:1      | 965 ||| UPGRADING to +0 ring mail.
   975 | D:1      | 975 ||| DROPPING +0 leather armour.
   976 | D:1      | 976 ||| DROPPING +1 leather armour of willpower.
   977 | D:1      | 977 ||| UPGRADING to +0 chain mail.
   987 | D:1      | 987 ||| DROPPING +0 ring mail.
   988 | D:1      | 988 ||| READING 2 scrolls labelled OKOPEFA QOICIO.
   989 | D:1      | 989 ||| DROPPING scroll of blinking.
  1038 | D:2      | Reached skill level 4 in Axes
  1098 | D:2      | 1098 ||| DROPPING +0 club.
  1446 | D:2      | 1446 ||| Stepping ~*~*~tactically~*~*~ (stealth).
  1449 | D:2      | Reached XP level 4. HP: 22/26 MP: 8/8
  1452 | D:2      | HP: 5/26 [gnoll/+3 halberd (6)]
  1453 | D:2      | HP: 2/26 [gnoll/+0 spear (3)]
  1453 | D:2      | Slain by a gnoll

Levels and vault maps discovered:
D:1:      dpeg_arrival_line_fractal, layout_basic, basic_ecumenical_altar,
          nicolae_shop_vocational
D:2:      layout_basic

Skill      XL: |  1  2  3 |
---------------+----------+-----
Axes           | 3 4 |  4.7
Fighting       | |  2.0
Throwing       | |  1.0
Armour         | |  1.1
Dodging        | |  2.1
Spellcasting   | |  2.0
Translocations | |  2.4

Action                   |  1- 3 |  4- 6 || total
-------------------------+-------+-------++-------
Melee: Hand axe          |    61 |     4 ||    65
       Kick              |    17 |     1 ||    18
       Peck              |     6 |     1 ||     7
Throw: Boomerang         |     7 |       ||     7
  Use: Scroll            |     1 |       ||     1
Armor: Leather armour    |    11 |       ||    11
       Chain mail        |    12 |     3 ||    15
Dodge: Dodged            |    19 |       ||    19

Table legend:
 A = Non-vault XP
 B = Vault XP
 C = Vault XP percentage of total XP
 D = Non-vault monster count
 E = Vault monster count
 F = Vault count percentage of total count
                 A         B        C        D         E       F
            +---------+---------+-------+---------+---------+-------
      Total |      92 |       0 |   0.0 |      33 |       0 |   0.0
            +---------+---------+-------+---------+---------+-------
        D:1 |      39 |       0 |   0.0 |      23 |       0 |   0.0
        D:2 |      53 |       0 |   0.0 |      10 |       0 |   0.0
            +---------+---------+-------+---------+---------+-------
